 Dungeon Crawl Stone Soup version 0.20.1-1-g8b1a95d (webtiles) character file.

2151 Kunitse the Cutter (level 9, -10/56 HPs)
             Began as a Kobold Berserker on Oct 5, 2017.
             Was a Priest of Trog.
             Splashed by a jelly's acid (12 damage)
             ... on level 6 of the Dungeon.
             The game lasted 00:42:44 (7367 turns).

Kunitse the Cutter (Kobold Berserker)               Turns: 7367, Time: 00:42:46

Health: -10/56     AC: -25   Str: 15    XL:     9   Next: 56%
Magic:  9/9        EV: 12    Int:  8    God:    Trog [***...]
Gold:   204        SH: 12    Dex: 19    Spells: 8/8 levels left

rFire    . . .     SeeInvis .   a - +1 short sword
rCold    . . .     Gourm    .   d - +2 shield {rN+}
rNeg     + . .     Faith    .   x - +0 ring mail
rPois    .         Spirit   .   s - +0 helmet
rElec    .         Reflect  .   j - +1 cloak
rCorr    .         Harm     .   (no gloves)
MR       ++...                  E - +0 pair of boots
Stlth    +++.......             A - amulet of regeneration
Regen    1.6/turn               C - +2 ring of dexterity
MPRegen  0.2/turn               (no ring)

@: corroded, regenerating
A: carnivore 3
a: Berserk, Trog's Hand, Burn Spellbooks, Renounce Religion


You were on level 6 of the Dungeon.
You worshipped Trog.
Trog was most pleased with you.
You were very full.

You visited 1 branch of the dungeon, and saw 7 of its levels.

You collected 204 gold pieces.

Inventory:

Hand Weapons
 a - a +1 short sword (weapon)
 g - a +0 dagger
 t - a +0 mace of protection
 z - a +0 falchion
Armour
 d - a +2 shield of positive energy (worn)
 i - a +0 chain mail
 j - a +1 cloak (worn)
 s - a +0 helmet (worn)
 x - a +0 ring mail (worn)
 E - a +0 pair of boots (worn)
Jewellery
 k - an uncursed amulet of rage
 A - an amulet of regeneration (around neck)
 C - a +2 ring of dexterity (left hand)
Scrolls
 e - 7 scrolls of identify
 m - 2 scrolls of remove curse
 u - a scroll of fear {unknown}
 v - a scroll of enchant armour {unknown}
 I - a scroll of blinking
Potions
 f - 2 potions of brilliance
 l - 3 potions of lignification {unknown}
 n - 6 potions of curing {unknown}
 o - 3 potions of resistance {unknown}
 q - 2 potions of haste {unknown}
 r - a potion of berserk rage {unknown}
 K - a potion of flight {unknown}
Comestibles
 c - 5 meat rations
 p - 2 royal jellies


   Skills:
 * Level 6.3 Fighting
 * Level 7.8 Short Blades
 + Level 4.4 Armour
 - Level 2.4 Dodging
 * Level 7.6 Stealth
 + Level 5.0 Shields


You had 8 spell levels left.
You didn't know any spells.

Dungeon Overview and Level Annotations

Branches:
Dungeon (7/15)             Temple (0/1) D:5

Altars:
Ashenzari
Sif Muna
Vehumet
Xom
Yredelemnul


Innate Abilities, Weirdness & Mutations

You are small and have problems with some larger weapons.
You are carnivorous and can eat meat at any time.


Message History

The jelly closely misses you.
You hit the jelly.
Your hands burn!
The jelly is almost dead.
The jelly hits you.
You are splashed with acid!
The acid burns!
* * * LOW HITPOINT WARNING * * *
You hit the jelly but do no damage. The acid corrodes you!
Your hands burn!
* * * LOW HITPOINT WARNING * * *
The jelly is almost dead.
You block the jelly's attack.
You hit the jelly but do no damage.
Your hands burn!
* * * LOW HITPOINT WARNING * * *
The jelly is almost dead.
You feel the effects of Trog's Hand fading.
You hit the jelly but do no damage.
Your hands burn!
* * * LOW HITPOINT WARNING * * *
The jelly is almost dead.
The jelly hits you.
* * * LOW HITPOINT WARNING * * *
You are splashed with acid!
The acid burns!
You die...

.# #.# #.##.# #.# .#
#.# #.##.# #.# .# #.#
#.##.# #.# .# #.#
#..#.# #.# ># #.#
##.#.# #.# .# #.#
#...# #.# ##
#.#####..##########.#
#........J..........#
########@############
#.# #.# #.###########
#...........#
###########.# #.# #.#
#.#


You could see a jelly.

Vanquished Creatures
  Grinder (D:1)
  Sigmund (D:6)
  Menkaure (D:6)
  A water moccasin (D:7)
  Duvessa (D:6)
  An ice beast (D:6)
  A phantom (D:4)
  An ogre (D:6)
  2 centaurs (D:6)
  A bullfrog (D:6)
  Dowan (D:6)
  A scorpion (D:6)
  2 howler monkeys
  2 crimson imps (D:5)
  3 hounds
  2 orc wizards
  3 orc priests (D:5)
  A quasit (D:6)
  2 centaur skeletons
  An iguana (D:5)
  2 worker ants
  A statue (D:4)
  The ghost of letownia the Insei, a weakling OpTm (D:3)
  A worker ant zombie (D:5)
  Robin (D:2)
  4 gnolls (D:1)
  12 adders
  4 adder skeletons
  An adder zombie (D:6)
  2 worms (D:2)
  2 leopard geckos (D:4)
  11 orcs
  2 ball pythons (D:4)
  5 bats
  3 giant cockroaches
  14 goblins
  12 hobgoblins
  8 jackals
  8 kobolds
  A quokka (D:4)
  4 frilled lizards
  4 rats
132 creatures vanquished.

Notes
Turn   | Place    | Note
-------+----------+-------------------------------------------
     0 | D:1      | Kunitse the Kobold Berserker began the quest for the Orb.
     0 | D:1      | Reached XP level 1. HP: 14/14 MP: 1/1
    17 | D:1      | Noticed an electric eel
   208 | D:1      | Reached XP level 2. HP: 19/19 MP: 2/2
   316 | D:1      | Reached skill level 1 in Stealth
   824 | D:2      | Reached XP level 3. HP: 11/23 MP: 3/3
  1438 | D:3      | Noticed Grinder
  1837 | D:1      | Paralysed by Grinder for 6 turns
  1850 | D:1      | Killed Grinder
  1850 | D:1      | Reached skill level 5 in Short Blades
  1850 | D:1      | Reached skill level 1 in Shields
  1850 | D:1      | Reached XP level 4. HP: 30/30 MP: 4/4
  1850 | D:1      | Reached XP level 5. HP: 34/34 MP: 5/5
  1850 | D:1      | Reached XP level 6. HP: 39/39 MP: 6/6
  1908 | D:1      | Reached skill level 5 in Stealth
  2414 | D:2      | Reached ** piety under Trog
  2588 | D:2      | Noticed Robin
  2665 | D:2      | Killed Robin
  3122 | D:3      | Reached XP level 7. HP: 22/44 MP: 7/7
  3575 | D:3      | Noticed letownia's ghost (weakling OpTm)
  3611 | D:3      | Killed letownia's ghost
  4054 | D:3      | Reached *** piety under Trog
  4402 | D:4      | Found a radiant altar of Vehumet.
  5088 | D:4      | Found a basalt altar of Yredelemnul.
  5102 | D:4      | Found a shimmering altar of Xom.
  5245 | D:5      | Entered Level 5 of the Dungeon
  5362 | D:5      | Reached skill level 5 in Fighting
  5428 | D:5      | Reached XP level 8. HP: 29/49 MP: 8/8
  6007 | D:5      | Found a sand-covered staircase.
  6031 | D:5      | Found a staircase to the Ecumenical Temple.
  6661 | D:6      | Noticed Sigmund
  6663 | D:6      | Killed Sigmund
  6728 | D:6      | Reached XP level 9. HP: 40/55 MP: 9/9
  6878 | D:6      | Noticed Menkaure
  6890 | D:6      | Killed Menkaure
  6923 | D:6      | Noticed Duvessa
  6925 | D:6      | Noticed Dowan
  6928 | D:6      | Killed Duvessa
  6941 | D:6      | Killed Dowan
  6981 | D:6      | Found a deep blue altar of Sif Muna.
  7151 | D:6      | Reached skill level 5 in Shields
  7290 | D:7      | Found a shattered altar of Ashenzari.
  7367 | D:6      | HP: 1/56 [acid (5)]
  7367 | D:6      | Splashed by a jelly's acid

Skill      XL: |  1  2  3  4  5  6  7  8  9 |
---------------+----------------------------+-----
Stealth        | 2 4 5 6 7 |  7.6
Fighting       | 4 5 6 |  6.3
Short Blades   | 5 6 7 |  7.8
Shields        | 1 2 3 4 5 |  5.0
Armour         | 2 3 4 |  4.4
Dodging        | |  2.4

Action                   |  1- 3 |  4- 6 |  7- 9 || total
-------------------------+-------+-------+-------++-------
Melee: Short sword       |    21 |       |   587 ||   608
       Dagger            |    75 |   340 |   115 ||   530
Invok: Berserk           |     1 |       |     1 ||     2
       Trog's Hand       |       |       |     4 ||     4
  Use: Scroll            |       |       |    10 ||    10
       Potion            |       |       |     4 ||     4
 Stab: Sleeping          |     2 |       |     8 ||    10
  Eat: Chunk             |     8 |     8 |    16 ||    32
Armor: Animal skin       |     8 |       |       ||     8
       Chain mail        |     4 |   150 |    37 ||   191
       Ring mail         |       |       |   109 ||   109
Dodge: Dodged            |    36 |    65 |   184 ||   285
Block: Shield            |    47 |   185 |   326 ||   558
